 Dungeon Crawl Stone Soup version 0.23-a0-650-ga4d50d4d25 (webtiles) character file.

839 Adamkad1 the Changer (level 7, 58/58 HPs)
             Began as a Red Draconian Transmuter on Jan 5, 2019.
             Quit the game on level 5 of the Dungeon.
             The game lasted 00:09:08 (4784 turns).

Adamkad1 the Changer (Red Draconian Transmuter)     Turns: 4784, Time: 00:09:08

Health: 58/58      AC:  7    Str: 12    XL:     7   Next: 67%
Magic:  12/12      EV: 14    Int: 13    God:
Gold:   242        SH:  0    Dex: 14    Spells: 7/13 levels left

rFire    + . .     SeeInvis .     - Unarmed
rCold    . . .     Gourm    .   (no shield)
rNeg     . . .     Faith    .   (armour unavailable)
rPois    .         Spirit   .   (helmet restricted)
rElec    .         Reflect  .   (no cloak)
rCorr    .         Harm     .   (no gloves)
MR       .....                  g - +0 pair of boots (curse)
Stlth    +.........             (no amulet)
HPRegen  0.19/turn              (no ring)
MPRegen  0.13/turn              (no ring)

@: no status effects
A: breathe fire, unfitting armour, fire resistance 1, cold-blooded, AC +6
a: Breathe Fire


You were on level 5 of the Dungeon.
You were not hungry.

You visited 1 branch of the dungeon, and saw 5 of its levels.

You collected 242 gold pieces.

Inventory:

Missiles
 a - 71 arrows
Armour
 g - a cursed +0 pair of boots (worn)
Scrolls
 e - 5 scrolls of identify {unknown}
 f - 2 scrolls of amnesia {unknown}
 i - 2 scrolls of remove curse {unknown}
 k - a scroll of blinking {unknown}
 l - a scroll of noise {unknown}
Potions
 b - a potion of magic {unknown}
 d - a potion of brilliance
 h - a potion of curing
 j - 5 potions of heal wounds {unknown}
Comestibles
 c - 2 rations


   Skills:
 + Level 3.9 Fighting
 + Level 3.6 Dodging
 + Level 4.5 Unarmed Combat
 + Level 3.6 Spellcasting
 * Level 5.3 Transmutations


You had 7 spell levels left.
You knew the following spells:

 Your Spells              Type           Power        Failure   Level  Hunger
a - Beastly Appendage     Tmut           ###...       2%          1    #......
b - Sticks to Snakes      Tmut           ###.....     3%          2    ##.....
c - Spider Form           Tmut/Pois      #.........   22%         3    ###....

Your spell library contained the following spells:

 Spells                   Type           Power        Failure   Level  Hunger
 Blade Hands              Tmut           ###.......   54%         5    ######.
 Ice Form                 Ice/Tmut       #.......     56%         4    #####..


Dungeon Overview and Level Annotations

Branches:
Dungeon (5/15)
 Temple: D:4-7

Altars:
Hepliaklqana
Ru
Yredelemnul

Annotations:
D:5 1 transporter, kaisn's ghost, novice FoFi


Innate Abilities, Weirdness & Mutations

You can breathe blasts of fire.
Your fiery red scales are hard. (AC +6)
You cannot fit into any form of body armour.
Your flesh is heat resistant. (rF+)
You are cold-blooded and may be slowed by cold attacks.


Message History

You breathe a blast of fire.
The fiery breath hits the gnoll.
You kill the gnoll!
You are feeling hungry.
You can't do that yet.
There is a stone staircase leading up here.
You can't do that yet.
You have got your breath back.
Press: ? - help, Shift-Dir - straight line, f - gnoll
Aim: a gnoll, wielding a +0 spear You breathe a blast of fire.
The fiery breath hits the gnoll.
The gnoll is severely wounded.
You feel somewhat more hungry.
The gnoll is engulfed in blazing flames.
You kill the gnoll!
The hornet buzzes angrily.
You hear an angry buzzing noise. x2
You start waiting.
Eating a chunk of flesh.
You eat the chunk of flesh.
This raw flesh tastes terrible.
You have got your breath back.
Unknown command.
Are you sure you want to abandon this character and quit the game? (Confirm

#.# #..# ##### #.# #).#
#...######.######..#
#.................>#
#...######.######g##
##.## #.# #.# .#####.##
#.# #.#
.©.......######.######.#
########.)..@<.........#
.#####).###.#########
..y###.# #.# ..#.y##.#
#.# .#...###.###.# ###
#y.### #......# ...#
..#.#.###)#####
.#..###..#.y##.#
...#Wyy#..%###.#


You could see a hornet.

Vanquished Creatures
  An orc warrior (D:5)
  An ogre (D:4)
  2 scorpions
  A quasit (D:5)
  A crimson imp (D:4)
  2 hounds (D:5)
  A gnoll shaman (D:4)
  3 orc wizards
  Jessica (D:2)
  An iguana (D:5)
  2 worker ants (D:4)
  6 gnolls
  7 adders
  A shadow imp (D:3)
  2 oozes (D:1)
  An adder zombie (D:5)
  A worm (D:3)
  2 dart slugs (D:1)
  2 leopard geckos
  10 orcs
  A giant cockroach (D:3)
  9 goblins
  4 hobgoblins
  7 jackals (D:3)
  5 kobolds
  4 quokkas
  A ball python (D:4)
  6 bats
  5 frilled lizards
  2 leopard gecko skeletons
  6 rats
98 creatures vanquished.

Notes
Turn   | Place    | Note
-------+----------+-------------------------------------------
     0 | D:1      | Adamkad1 the Draconian Transmuter began the quest for the
                  | Orb.
     0 | D:1      | Reached XP level 1. HP: 16/16 MP: 3/3
    77 | D:1      | Reached XP level 2. HP: 14/23 MP: 3/5
   468 | D:1      | Reached XP level 3. HP: 17/28 MP: 4/6
   909 | D:2      | Noticed Jessica
   913 | D:2      | Killed Jessica
  1008 | D:2      | Found a basalt altar of Yredelemnul.
  1008 | D:2      | Found a hazy altar of Hepliaklqana.
  1067 | D:2      | Reached skill level 3 in Transmutations
  1067 | D:2      | Reached XP level 4. HP: 16/36 MP: 7/7
  1099 | D:2      | HP: 1/36 [goblin/+0 club (4)]
  1693 | D:2      | Learned a level 2 spell: Sticks to Snakes
  1697 | D:2      | Learned a level 3 spell: Spider Form
  1991 | D:3      | Reached XP level 5. HP: 33/42 MP: 8/8
  2610 | D:3      | Found a sacrificial altar of Ru.
  3073 | D:4      | Reached XP level 6. HP: 33/50 MP: 6/10
  3099 | D:3      | Reached skill level 4 in Transmutations
  3975 | D:4      | Your scales start taking on a fiery red colour.
  3975 | D:4      | Reached XP level 7. HP: 57/57 MP: 10/12
  3975 | D:4      | Gained mutation: Your flesh is heat resistant. (rF+) [Red
                  | Draconian growth]
  4257 | D:5      | Entered Level 5 of the Dungeon
  4482 | D:5      | Reached skill level 5 in Transmutations
  4584 | D:5      | Noticed kaisn's ghost (novice FoFi)
  4614 | D:5      | Noticed a hornet
  4645 | D:5      | Found a transporter.
  4784 | D:5      | Quit the game

Vault maps used:
D:1:      ncdulo_lavacross, st_stairs_12, minmay_misc_feat_four_crosses
D:2:      chequers_temple_overflow_statue_of_worship, first_ration,
          minmay_splitting_lines, st_stairs_1, uniq_jessica
D:3:      nicolae_ru_sacrificial_ziggurat, st_stairs_7
D:4:      minmay_misc_feat_columns
D:5:      lemuel_crystal_altar, gammafunk_ghost_hive, serial_bayou_lake_a

Skill      XL: |  1  2  3  4  5  6  7 |
---------------+----------------------+-----
Dodging        | 2 3 |  3.6
Fighting       | 2 3 |  3.9
Transmutations | 3 4 5 |  5.3
Spellcasting   | 3 |  3.6
Unarmed Combat | 4 |  4.5

Action                   |  1- 3 |  4- 6 |  7- 9 || total
-------------------------+-------+-------+-------++-------
Melee: Unarmed           |    70 |   248 |    46 ||   364
       Headbutt          |     8 |    14 |       ||    22
       Kick              |     5 |     3 |       ||     8
       Tailslap          |     6 |    11 |     1 ||    18
       Punch             |     1 |     2 |     1 ||     4
 Cast: Beastly Appendage |    18 |    15 |       ||    33
       Spider Form       |       |     9 |     7 ||    16
 Abil: Breathe Fire      |       |       |     9 ||     9
  Use: Potion            |       |     3 |       ||     3
 Stab: Sleeping          |     1 |     1 |       ||     2
  Eat: Chunk             |     1 |     8 |     5 ||    14
       Ration            |       |     1 |       ||     1
Armor: Skin              |    15 |    73 |     8 ||    96
Dodge: Dodged            |    37 |   212 |    53 ||   302

Table legend:
 A = Non-vault XP
 B = Vault XP
 C = Vault XP percentage of total XP
 D = Non-vault monster count
 E = Vault monster count
 F = Vault count percentage of total count
                 A         B        C        D         E       F
            +---------+---------+-------+---------+---------+-------
      Total |    1150 |      49 |   4.1 |      92 |       6 |   6.1
            +---------+---------+-------+---------+---------+-------
        D:1 |      45 |       5 |  10.0 |      20 |       2 |   9.1
        D:2 |      40 |      42 |  51.2 |      11 |       3 |  21.4
        D:3 |     248 |       2 |   0.8 |      30 |       1 |   3.2
        D:4 |     406 |       0 |   0.0 |      16 |       0 |   0.0
        D:5 |     411 |       0 |   0.0 |      15 |       0 |   0.0
            +---------+---------+-------+---------+---------+-------
